 Dungeon Crawl Stone Soup version 0.17.1-1-g73c8601 (webtiles) character file.

11 Miyamura the Grave Robber (level 2, 0/14 HPs)
             Began as a Vine Stalker Necromancer on Dec 30, 2015.
             Slain by a bat (1 damage)
             ... on level 1 of the Dungeon.
             The game lasted 00:02:02 (260 turns).

Miyamura the Grave Robber (Vine Stalker Necromancer) Turns: 260, Time: 00:02:02

Health: 0/14       AC:  2    Str: 10    XL:     2   Next: 25%
Magic:  0/6        EV: 12    Int: 15    God:
Gold:   0          SH:  0    Dex: 14    Spells: 1 memorised, 4 levels left

rFire  . . .     SeeInvis .     f - +0 dagger
rCold  . . .     Clarity  .     a - +0 robe
rNeg   . . .     SustAt   .     (no shield)
rPois  .         Gourm    .     (no helmet)
rElec  .         Spirit   +     (no cloak)
rCorr  .         Warding  .     (no gloves)
rMut   .         Stasis   .     (no boots)
MR     .....                    (no amulet)
Stlth  ++........               (no ring)
                                (no ring)

@: very slightly contaminated, not resistant to hostile enchantments, unstealthy
A: fangs 2, regeneration 1, magic shield, antimagic bite, no device heal 3, rot
immunity
a: no special abilities


You were on level 1 of the Dungeon.
You were not hungry.

You visited 1 branch of the dungeon, and saw 1 of its levels.

Inventory:

Hand Weapons
 f - a +0 dagger (weapon)
Armour
 a - a +0 robe (worn)
 d - a +0 large shield
Jewellery
 i - a +3 ring of strength {unknown}
Books
 b - a book of Necromancy

   Spells                             Type                      Level
   a - Pain                           Necromancy                   1
   b - Animate Skeleton               Necromancy                   1
   c - Vampiric Draining              Necromancy                   3
   d - Regeneration                   Charms/Necromancy            3
   e - Animate Dead                   Necromancy                   4
   f - Control Undead                 Necromancy                   4
Comestibles
 c - 2 bread rations
 h - 5 chunks of flesh


   Skills:
 + Level 1.0 Fighting
 + Level 1.5 Dodging
 + Level 2.7 Stealth
 + Level 2.2 Spellcasting
 + Level 4.1 Necromancy


You had 4 spell levels left.
You knew the following spells:

 Your Spells              Type           Power        Failure   Level  Hunger
a - Pain                  Necr           ##..         4%          1    #......


Dungeon Overview and Level Annotations

Branches:
Dungeon (1/15)

Altars:


Innate Abilities, Weirdness & Mutations

You have extremely sharp teeth.
Your natural rate of healing is unusually fast.
When hurt, damage is shared between your health and your magic reserves.
Your bite disrupts and absorbs the magic of your enemies.
Potions and wands cannot restore your health.
You are immune to rotting.


Message History

As you read the scroll labeled HOESSOCIRA, it crumbles to dust.
You feel aware of your surroundings.
It was a scroll of magic mapping.
The bat hits you.
* * * LOW HITPOINT WARNING * * *
The bat barely misses you.
Read which item? (? for menu, Esc to quit)
Okay, then.
You aren't carrying any potions.
You miss the bat. Your bite misses the bat.
The bat is moderately wounded.
The bat hits you but does no damage. The bat barely misses you.
The bat hits you.
* * * LOW HITPOINT WARNING * * *
Casting: Pain
Confirm with . or Enter, or press ? or * to list all spells.
Aiming: Pain
Press: ? - help, Shift-Dir - straight line, f/p - bat
Aim: a bat (moderately wounded, chance to defeat MR: 92%)
The bat barely resists.
The bat hits you.
You die...

*,.........,,.,,,,*,,,,,,,,,,*,**
*,#.....#.##.#**,**,*,,**,**,,,,,
,,**...#...#.# *,,...,,,,,****,**
*,,,,,.......* *,,...,***,****,**
**,****#.[.#** ***#.#** *,,,,,,**
*,** #...# #.########***** .,*
#...# ###.#......#####.
#.######..(######......###.......
#..............b@(#.....##.......
...............b........(.)......
#.......................##.......
..######...######...(............
.,*#####...# #>........######.
***#.<[#...# #..........# **
#...#...# ##........## #...#...#
##.......###### #...#...#
#.........รท...#


You could see 2 bats.

Vanquished Creatures
  A giant gecko (D:1)
  A giant cockroach (D:1)
  3 hobgoblins (D:1)
  2 kobolds (D:1)
  A goblin (D:1)
8 creatures vanquished.

Notes
Turn   | Place    | Note
--------------------------------------------------------------
     0 | D:1      | Miyamura the Vine Stalker Necromancer began the quest for the Orb.
     0 | D:1      | Reached XP level 1. HP: 9/9 MP: 4/4
   126 | D:1      | Reached skill level 1 in Fighting
   126 | D:1      | Reached XP level 2. HP: 9/14 MP: 0/6
   260 | D:1      | Slain by a bat

Action                   || total
-------------------------++-------
Melee: Dagger            ||    13
 Cast: Pain              ||    16
  Use: Scroll            ||     2
